Map: Kairos Junction LE

Players

jheffe - Winner!

  • Race: Terran Terran
  • League: Master
  • Spawn Location: 5:00

A.I. 2 (Very Hard)

  • Race: Protoss Protoss
  • Spawn Location: 11:00

VOD

Have the link to the VOD?

Description

Time

  • Played on: May 19, 2019, 8:14 p.m.
  • Length: 9:08
Show
View Real Time Build Order
Export as new Build Order

jheffe Terran - Winner!

Build Orders: Reaper Expand 

Get SALT Encoding   

  12  0:01  SCV  
  13  0:13  SCV  
  14  0:17  Supply Depot  
  14  0:25  SCV  
  15  0:38  SCV  
  15  0:40  Barracks  
  16  0:43  Refinery  
  16  0:50  SCV  
  17  1:02  SCV  
  18  1:15  SCV  
  19  1:27  Reaper  
  19  1:28  Orbital Command  
  20  1:42  Command Center  
  20  1:52  Supply Depot  
  20  1:54  SCV  
  21  2:06  Barracks Reactor  
  21  2:07  SCV  
  22  2:10  Refinery  
  22  2:19  SCV  
  22  2:21  Factory  
  23  2:31  SCV  
  24  2:42  Marine x2  
  24  2:44  SCV  
  27  2:56  SCV  
  28  2:58  Orbital Command  
  28  3:01  Marine x2  
  30  3:08  SCV  
  30  3:10  Widow Mine  
  30  3:12  Starport  
  33  3:20  SCV  
  33  3:23  Marine x2  
  36  3:27  SCV  
  36  3:32  SCV  
  36  3:33  Supply Depot  
  38  3:34  Widow Mine  
  38  3:39  SCV  
  41  3:44  SCV  
  41  3:45  Marine x2  
  43  3:49  Medivac  
  43  3:51  SCV  
  43  3:53  Barracks  
  46  3:56  SCV  
  46  3:57  Factory Tech Lab  
  46  4:00  Bunker  
  47  4:03  Marine x2, SCV  
  47  4:08  SCV  
  47  4:09  Supply Depot  
  51  4:14  Barracks  
  51  4:15  SCV  
  52  4:18  Refinery  
  52  4:20  SCV  
  53  4:24  Factory Tech Lab  
  53  4:29  SCV  
  53  4:30  Raven  
  56  4:31  Engineering Bay  
  56  4:32  SCV  
  56  4:34  Supply Depot  
  57  4:41  SCV  
  57  4:45  SCV  
  59  4:48  Supply Depot  
  59  4:51  Factory Reactor  
  59  4:53  Marine x2, Stimpack, SCV  
  59  4:57  SCV  
  63  5:05  SCV  
  63  5:06  Supply Depot  
  64  5:07  Refinery  
  64  5:09  SCV  
  64  5:10  Marauder, Supply Depot  
  64  5:12  Marine  
  64  5:13  Marine  
  65  5:17  SCV  
  65  5:21  SCV, Combat Shield, Starport Reactor  
  67  5:23  Marauder  
  67  5:26  Terran Infantry Weapons Level 1  
  69  5:30  Widow Mine x2  
  69  5:33  Marine x2  
  77  5:38  Supply Depot  
  77  5:40  Marauder  
  77  5:44  Marauder  
  77  5:46  Supply Depot  
  79  5:51  Marine x2, Widow Mine x2  
  85  5:58  Medivac x2  
  85  6:02  Marauder  
  91  6:06  Marauder  
  91  6:09  Marine x2  
  95  6:13  Supply Depot  
  95  6:14  Widow Mine  
  95  6:15  Widow Mine  
  99  6:31  Medivac, Marine x2, Marauder x2  
  107  6:33  Medivac  
  109  6:41  Supply Depot  
  109  6:46  Liberator x2  
  109  6:47  Command Center  
  109  6:52  Marauder x2, SCV  
  109  6:53  Barracks  
  114  6:55  Barracks  
  114  6:56  Marine x2  
  116  7:04  SCV x2  
  116  7:05  Supply Depot  
  124  7:14  Marauder  
  126  7:22  Marine  
  126  7:26  Marine  
  126  7:27  Marauder  
  126  7:28  Liberator  
  128  7:31  Widow Mine x2  
  128  7:33  Supply Depot  
  128  7:35  Marauder  
  133  7:37  Liberator  
  133  7:40  Marine  
  131  7:47  SCV  
  134  7:52  Barracks Reactor, Barracks Tech Lab  
  134  7:54  SCV  
  134  7:55  Marauder, Widow Mine  
  144  7:58  Marauder  
  144  7:59  SCV, Orbital Command  
  144  8:02  Marine x2  
  147  8:06  SCV  
  147  8:08  Supply Depot  
  147  8:11  SCV  
  149  8:17  Marine, Marauder  
  149  8:18  SCV  
  149  8:19  Marine x2  
  154  8:20  Marine  
  154  8:22  Concussive Shells  
  156  8:29  SCV x2, Widow Mine x2  
  156  8:31  Refinery, SCV  
  156  8:33  Refinery  
  156  8:34  Supply Depot  
  163  8:35  Marauder, Supply Depot  
  163  8:37  Marine  
  163  8:38  Marauder  
  163  8:41  Marauder, Marine x2, SCV  
  181  8:55  SCV x3  
Show
View Real Time Build Order
Export as new Build Order

A.I. 2 (Very Hard) Protoss 

Build Orders:  

Get SALT Encoding   

  12  0:00  Probe  
  13  0:13  Probe  
  14  0:20  Pylon  
  14  0:25  Probe  
  15  0:34  Probe  
  15  0:42  Probe  
  16  0:47  Assimilator  
  17  0:50  Gateway  
  17  0:52  Probe  
  18  1:00  Probe, Pylon  
  19  1:08  Probe  
  20  1:18  Probe  
  21  1:30  Probe  
  22  1:38  Cybernetics Core  
  22  1:40  Zealot  
  22  1:42  Probe  
  25  1:59  Nexus  
  25  2:03  Probe  
  26  2:11  Stalker  
  26  2:15  Probe  
  27  2:16  Warp Gate  
  29  2:27  Probe  
  29  2:31  Pylon  
  29  2:39  Probe  
  30  2:45  Gateway  
  30  2:48  Assimilator  
  30  2:51  Probe  
  30  2:56  Adept  
  33  3:02  Probe  
  34  3:06  Pylon  
  34  3:07  Probe  
  34  3:10  Probe  
  35  3:18  Probe  
  35  3:19  Probe  
  36  3:26  Adept  
  40  3:31  Robotics Facility  
  40  3:35  Adept  
  40  3:38  Probe  
  44  3:41  Probe  
  44  3:50  Probe  
  44  3:52  Adept  
  44  3:53  Probe  
  46  4:02  Probe  
  49  4:05  Probe  
  50  4:12  Adept  
  50  4:14  Probe  
  53  4:17  Probe  
  53  4:23  Pylon  
  54  4:25  Robotics Bay  
  54  4:26  Probe, Observer  
  54  4:27  Adept  
  54  4:29  Probe  
  59  4:34  Robotics Facility  
  60  4:38  Probe  
  60  4:39  Pylon  
  60  4:40  Stalker  
  60  4:45  Stalker  
  64  4:50  Probe  
  64  4:52  Probe, Pylon  
  66  5:01  Forge  
  57  5:09  Probe  
  57  5:13  Probe  
  59  5:17  Probe  
  59  5:25  Probe x2  
  61  5:35  Gateway  
  62  5:37  Probe x2  
  62  5:38  Photon Cannon  
  62  5:41  Photon Cannon  
  64  5:43  Stalker  
  64  5:44  Sentry  
  64  5:47  Twilight Council  
  64  5:49  Probe x2  
  70  5:53  Assimilator  
  70  6:02  Probe, Assimilator  
  71  6:07  Zealot  
  71  6:09  Pylon  
  71  6:11  Zealot  
  75  6:13  Probe  
  75  6:15  Probe  
  77  6:22  Probe  
  77  6:26  Pylon  
  77  6:27  Probe, Pylon  
  77  6:30  Probe  
  80  6:49  Stalker  
  80  6:50  Stalker, Sentry  
  86  6:57  Pylon  
  86  7:00  Immortal, Pylon  
  90  7:02  Pylon  
  90  7:06  Probe x2  
  90  7:07  Pylon  
  84  7:12  Stalker  
  84  7:13  Zealot x2  
  72  7:18  Probe x2  
  40  7:30  Probe x2  
  40  7:32  Zealot  
  40  7:34  Adept  
  8  7:57  Probe  
  6  8:23  Probe  
  6  8:31  Probe  
Tags
 
Add a new tag
Caveats
  • Supply blocks, unpowered buildings, or Contaminate may cause inaccurate times.
  • Supply counts are checked every 10 seconds.